 Dungeon Crawl Stone Soup version 0.21.0-25-ge575cb9 (webtiles) character file.

73 Lanoc the Poker (level 4, -2/42 HPs)
             Began as a Naga Monk on Jan 25, 2018.
             Slain by a shadow imp (4 damage)
             ... on level 3 of the Dungeon.
             The game lasted 00:03:42 (1686 turns).

Lanoc the Poker (Naga Monk)                         Turns: 1686, Time: 00:03:43

Health: -2/42      AC:  2    Str: 12 (13) XL:     4   Next: 27%
Magic:  4/4        EV: 11    Int:  7 (10) God:
Gold:   69         SH:  0    Dex: 13 (15) Spells: 3/3 levels left

rFire    . . .     SeeInvis +   a - +0 spear
rCold    . . .     Gourm    .   (no shield)
rNeg     . . .     Faith    .   b - +0 robe
rPois    +         Spirit   .   (no helmet)
rElec    .         Reflect  .   (no cloak)
rCorr    .         Harm     .   (no gloves)
MR       .....                  (no barding)
Stlth    ++........             (no amulet)
HPRegen  0.14/turn              (no ring)
MPRegen  0.09/turn              (no ring)

@: short of breath, very slow
A: large, see invisible, deformed body, poison resistance, slowness 2, slow
metabolism 1, spit poison 1, AC +1
a: Spit Poison


You were on level 3 of the Dungeon.
You were very hungry.

You visited 1 branch of the dungeon, and saw 3 of its levels.

You collected 69 gold pieces.

Inventory:

Hand Weapons
 a - a +0 spear (weapon)
Armour
 b - a +0 robe (worn)
Scrolls
 d - 2 scrolls of remove curse {unknown}
 e - a scroll of enchant armour {unknown}
 g - a scroll of blinking {unknown}
 i - 2 scrolls of identify {unknown}
 k - 2 scrolls of teleportation {unknown}
 m - a scroll of amnesia {unknown}
Potions
 f - a potion of curing {unknown}
 j - a potion of lignification {unknown}
 l - a potion of might {unknown}
Comestibles
 c - 3 rations


   Skills:
 + Level 3.5 Fighting
 * Level 4.1 Polearms
 + Level 2.9 Dodging
 - Level 3.2 Stealth


You had 3 spell levels left.
You didn't know any spells.

Dungeon Overview and Level Annotations

Branches:
Dungeon (3/15)

Altars:
Okawaru
Trog


Innate Abilities, Weirdness & Mutations

You cannot wear boots.
Your serpentine skin is tough. (AC +1)
You have supernaturally acute eyesight. (SInv)
Armour fits poorly on your strangely shaped body.
Your system is resistant to poisons. (rPois)
You cover ground very slowly.
You have a slow metabolism.
You can spit poison.


Message History

You hit the shadow imp.
The shadow imp is lightly wounded.
The shadow imp hits you.
You closely miss the shadow imp.
The shadow imp is lightly wounded.
The shadow imp hits you.
* * * LOW HITPOINT WARNING * * *
You hit the shadow imp but do no damage.
The shadow imp is lightly wounded.
The shadow imp gestures at you. Pain shoots through your body!
* * * LOW HITPOINT WARNING * * *
You hit the shadow imp.
The shadow imp is moderately wounded.
The shadow imp barely misses you.
It was a potion of degeneration.
There was something very wrong with that liquid.
You feel weakened.
You feel dopey.
You feel clumsy. The shadow imp hits you.
You die...

#.. #.# ###+####.# ..
#...........
#........#. #.........
# #........##### .#
#............# .?#
....###+##...##.##...#
........####.##.@5..#
....#......[.########
....#.#####..#
....#........#
....#..#.....#
....#..#.#.#.#
....#..#.#.#.#
##+#...#'#.#.#
#.........#


You could see a shadow imp.

Vanquished Creatures
  2 adders (D:2)
  A worm (D:2)
  3 dart slugs (D:1)
  4 leopard geckos
  5 giant cockroaches
  6 goblins
  2 hobgoblins (D:1)
  3 kobolds
  A quokka (D:3)
  2 ball pythons
  3 bats
  9 rats
41 creatures vanquished.

Notes
Turn   | Place    | Note
-------+----------+-------------------------------------------
     0 | D:1      | Lanoc the Naga Monk began the quest for the Orb.
     0 | D:1      | Reached XP level 1. HP: 21/21 MP: 1/1
   132 | D:1      | Reached XP level 2. HP: 20/28 MP: 2/2
   636 | D:1      | Reached XP level 3. HP: 34/34 MP: 3/3
  1180 | D:2      | Found an iron altar of Okawaru.
  1197 | D:2      | Found a bloodstained altar of Trog.
  1458 | D:2      | Reached skill level 4 in Polearms
  1458 | D:2      | Reached XP level 4. HP: 32/42 MP: 4/4
  1684 | D:3      | HP: 2/42 [shadow imp/nerve-wracking pain (9)]
  1686 | D:3      | Slain by a shadow imp

Skill      XL: |  1  2  3 |
---------------+----------+-----
Polearms       | 4 |  4.1
Fighting       | |  3.5
Dodging        | |  2.9
Stealth        | |  3.2

Action                   |  1- 3 |  4- 6 || total
-------------------------+-------+-------++-------
Melee: Spear             |   141 |    28 ||   169
 Abil: Spit Poison       |       |     1 ||     1
  Use: Potion            |       |     1 ||     1
 Stab: Sleeping          |    14 |     2 ||    16
  Eat: Chunk             |     1 |       ||     1
Armor: Robe              |    18 |     2 ||    20
Dodge: Dodged            |    37 |    15 ||    52
